 Dungeon Sprint DCSS version 0.26-a0-1033-gd598b01645 (webtiles) character file.

Game seed: 16770464673464752226

5800000 sahdkjhfkaj the Axe Maniac (level 27, -2/273 HPs)
             Began as a Ghoul Warper on Dec 11, 2020.
             Was the Champion of Makhleb.
             Slain by a bag of meat
             ... wielding a +9 war axe
              (25 damage)
             ... in the Dungeon (Sprint VIII: "Arena of Blood").
             The game lasted 00:02:07 (58 turns).

sahdkjhfkaj the Axe Maniac (Ghoul Warper)             Turns: 58, Time: 00:02:07

Health: -2/273     AC:  6    Str: 19    XL:     27
Magic:  25/47      EV: 29    Int:  8    God:    Makhleb [******]
Gold:   0          SH:  0    Dex: 17    Spells: 68/68 levels left

rFire    . . .     SeeInvis .   b - +∞ Axe of Woe
rCold    + . .     Faith    .   (shield currently unavailable)
rNeg     + + +     Spirit   .   a - +0 leather armour
rPois    ∞         Reflect  .   (no helmet)
rElec    .         Harm     .   (no cloak)
rCorr    .         Rampage  .   (no gloves)
Will     ++...     NoTele   +   (no boots)
Stlth    +++++++++.             (no amulet)
HPRegen  0.00/turn              (no ring)
MPRegen  0.30/turn              (no ring)

@: slowed, very slow
A: rotting body, claws 1, cold resistance 1, negative energy resistance 3,
inhibited regeneration, torment resistance, unbreathing
a: Minor Destruction, Lesser Servant of Makhleb, Major Destruction, Greater
Servant of Makhleb, Renounce Religion


You were in the Dungeon.
You worshipped Makhleb.
Makhleb was exalted by your worship.
You visited 1 branch

Inventory:

Hand Weapons
 b - the +∞ Axe of Woe (weapon)
   (You found it in the Dungeon)
Missiles
 d - 5 boomerangs of dispersal (quivered)
Armour
 a - a +0 leather armour (worn)
Potions
 e - a potion of curing
 f - a potion of heal wounds
 g - a potion of haste
 h - 2 potions of magic


   Skills:
 O Level 27 Fighting
 + Level 22.5(25.7) Short Blades
 + Level 22.5(25.7) Long Blades
 O Level 27 Axes
 + Level 22.6(27) Maces & Flails
 + Level 22.6(27) Polearms
 + Level 22.4(27) Staves
 + Level 22.5(25.8) Slings
 + Level 22.7 Bows
 + Level 22.4 Crossbows
 + Level 22.5(25.8) Throwing
 + Level 22.7 Armour
 + Level 22.6 Dodging
 O Level 27 Stealth
 + Level 22.5 Shields
 + Level 25.8 Unarmed Combat
 + Level 21.0 Spellcasting
 + Level 21.0 Conjurations
 + Level 21.0 Hexes
 + Level 22.4 Summonings
 + Level 24.0 Necromancy
 + Level 22.7 Translocations
 + Level 22.6 Transmutations
 + Level 21.1 Fire Magic
 + Level 25.9 Ice Magic
 + Level 21.1 Air Magic
 + Level 25.8 Earth Magic
 + Level 24.0 Poison Magic
 + Level 25.8 Invocations
 + Level 22.4 Evocations


You had 68 spell levels left.
You didn't know any spells.
Your spell library contained the following spells:

 Spells                   Type           Power        Failure   Level
 Blink                    Tloc           N/A          0%          2
 Gell's Gravitas          Tloc           #####.....   0%          3
 Lesser Beckoning         Tloc           #####.....   0%          3
 Teleport Other           Tloc           #####...     0%          3
 Passage of Golubria      Tloc           N/A          0%          4


Dungeon Overview and Level Annotations

Branches:
Dungeon (1/1)

Altars:
Makhleb

Annotations:
D exclusions: ogre, orc and 6 more exclusions


Innate Abilities, Weirdness & Mutations

Your body is rotting away.
You thrive by killing the living.
You are immune to poison.
You have sharp fingernails.
Your flesh is cold resistant. (rC+)
You are immune to negative energy. (rN+++)
You do not regenerate when monsters are visible.
You are immune to unholy pain and torment.
You can survive without breathing.


Message History

You are engulfed in blazing flames.
You hear a shout! x4
The meat berserker is engulfed in blazing flames.
The meat berserker hits you with a +9 battleaxe!!
The bag of meat barely misses you.
You hear a shout!
The accursed points at you and mumbles some strange words.
Something smites you!
You hear a shout! x2
The bag of meat hits you with a +9 war axe!!
* * * LOW HITPOINT WARNING * * *
The bag of meat is engulfed in blazing flames.
The bag of meat hits you with a +9 war axe!!
* * * LOW HITPOINT WARNING * * *
You hear a shout! x2
The meat berserker is engulfed in blazing flames.
The meat berserker hits you with a +9 battleaxe!!!
* * * LOW HITPOINT WARNING * * *
The bag of meat hits you with a +9 war axe!!
You die...

.. ..... #.. ...#
#.. ...# . .###..
...###...
......###..O.....
......)_.........
....#§oo).#......
. #_o@)_# .....
....#§O§§)#......
......O°○.)......
.....V###).......
.###.. ...###...
#.. ....# .. #M
....M# oV..o....
...........


You could see 2 accurseds, 2 destroyers, 3 meat berserkers and 4 bags of meat.

Vanquished Creatures
  A royal mummy (D)
  Harold (D)
  7 vampire knights (D)
  15 ogres (D)
  5 two-headed ogres (D)
  A lich (D)
  A hydra (D)
  30 orcs (D)
  2 skeletal warriors (D)
  2 large abominations (D)
  4 small abominations (D)
  8 crawling corpses (D)
77 creatures vanquished.

Notes
Turn   | Place    | Note
-------+----------+-------------------------------------------
     0 | D        | Found the +∞ Axe of Woe
     0 | D        | sahdkjhfkaj the Ghoul Warper began the quest for the Orb.
     0 | D        | Reached XP level 1. HP: 17/17 MP: 2/2
     3 | D        | Noticed a bag of meat
     3 | D        | Noticed a bag of meat
     4 | D        | Became a worshipper of Makhleb the Destroyer
     4 | D        | Noticed a bag of meat
     5 | D        | Noticed a meat berserker
     5 | D        | Noticed a bag of meat
     6 | D        | Noticed a bag of meat
     6 | D        | Noticed a bag of meat
     7 | D        | Noticed a meat berserker
     7 | D        | Noticed a bag of meat
     7 | D        | Noticed a bag of meat
     8 | D        | Killed a bag of meat
     8 | D        | Noticed a bag of meat
     9 | D        | Reached XP level 2. HP: 24/24 MP: 3/3
     9 | D        | Reached XP level 3. HP: 29/29 MP: 4/4
     9 | D        | Reached XP level 4. HP: 36/36 MP: 5/5
     9 | D        | Reached XP level 5. HP: 41/41 MP: 6/6
     9 | D        | Reached XP level 6. HP: 48/48 MP: 7/7
     9 | D        | Reached XP level 7. HP: 55/55 MP: 8/8
     9 | D        | Reached XP level 8. HP: 61/61 MP: 9/9
     9 | D        | Reached XP level 9. HP: 67/67 MP: 10/10
     9 | D        | Reached XP level 10. HP: 73/73 MP: 11/11
     9 | D        | Reached XP level 11. HP: 79/79 MP: 12/12
     9 | D        | Reached XP level 12. HP: 85/85 MP: 13/13
     9 | D        | Killed a bag of meat
     9 | D        | Reached * piety under Makhleb
     9 | D        | Noticed a meat berserker
     9 | D        | Noticed a bag of meat
    10 | D        | Reached skill level 27 in Axes
    10 | D        | Reached skill level 5 in Fighting
    10 | D        | Reached XP level 13. HP: 34/101 MP: 14/14
    10 | D        | Killed a meat berserker
    10 | D        | Noticed a bag of meat
    11 | D        | Reached XP level 14. HP: 142/155 MP: 15/15
    11 | D        | Killed a bag of meat
    11 | D        | Killed a bag of meat
    11 | D        | Reached ** piety under Makhleb
    11 | D        | Noticed a meat berserker
    12 | D        | Reached skill level 27 in Fighting
    12 | D        | Reached skill level 1 in Short Blades
    12 | D        | Reached skill level 1 in Long Blades
    12 | D        | Reached skill level 1 in Maces & Flails
    12 | D        | Reached skill level 1 in Polearms
    12 | D        | Reached skill level 1 in Staves
    12 | D        | Reached skill level 1 in Slings
    12 | D        | Reached skill level 1 in Bows
    12 | D        | Reached skill level 1 in Crossbows
    12 | D        | Reached skill level 1 in Shields
    12 | D        | Reached skill level 1 in Conjurations
    12 | D        | Reached skill level 1 in Hexes
    12 | D        | Reached skill level 1 in Summonings
    12 | D        | Reached skill level 1 in Transmutations
    12 | D        | Reached skill level 1 in Fire Magic
    12 | D        | Reached skill level 1 in Air Magic
    12 | D        | Reached XP level 15. HP: 174/174 MP: 15/17
    12 | D        | Killed a meat berserker
    13 | D        | Reached skill level 5 in Unarmed Combat
    13 | D        | Reached skill level 5 in Translocations
    13 | D        | Reached XP level 16. HP: 183/183 MP: 15/21
    14 | D        | Reached *** piety under Makhleb
    15 | D        | Reached skill level 5 in Conjurations
    15 | D        | Reached skill level 5 in Hexes
    15 | D        | Reached skill level 5 in Fire Magic
    15 | D        | Reached skill level 5 in Air Magic
    15 | D        | Reached skill level 5 in Evocations
    15 | D        | Reached XP level 17. HP: 191/191 MP: 15/25
    15 | D        | Killed a meat berserker
    15 | D        | Noticed a meat berserker
    16 | D        | Reached XP level 18. HP: 200/200 MP: 15/27
    17 | D        | Killed a meat berserker
    17 | D        | Reached **** piety under Makhleb
    18 | D        | Reached skill level 10 in Stealth
    18 | D        | Reached skill level 10 in Unarmed Combat
    18 | D        | Reached skill level 10 in Ice Magic
    18 | D        | Reached skill level 10 in Earth Magic
    18 | D        | Reached skill level 10 in Invocations
    19 | D        | Reached skill level 10 in Necromancy
    19 | D        | Reached XP level 19. HP: 207/207 MP: 16/30
    19 | D        | Noticed a meat berserker
    20 | D        | Noticed a meat berserker
    21 | D        | Killed a meat berserker
    21 | D        | Reached ***** piety under Makhleb
    21 | D        | Noticed a large bag of meat
    22 | D        | Reached skill level 10 in Short Blades
    22 | D        | Reached skill level 10 in Long Blades
    22 | D        | Reached skill level 10 in Maces & Flails
    22 | D        | Reached skill level 10 in Polearms
    22 | D        | Reached skill level 10 in Staves
    22 | D        | Reached skill level 10 in Slings
    22 | D        | Reached skill level 10 in Bows
    22 | D        | Reached skill level 10 in Crossbows
    22 | D        | Reached skill level 10 in Throwing
    22 | D        | Reached skill level 10 in Armour
    22 | D        | Reached skill level 10 in Dodging
    22 | D        | Reached skill level 10 in Shields
    22 | D        | Reached skill level 10 in Summonings
    22 | D        | Reached skill level 10 in Translocations
    22 | D        | Reached skill level 10 in Transmutations
    22 | D        | Reached skill level 10 in Poison Magic
    22 | D        | Reached skill level 10 in Evocations
    22 | D        | Noticed a destroyer
    22 | D        | Killed a large bag of meat
    23 | D        | Reached skill level 10 in Spellcasting
    23 | D        | Reached skill level 10 in Conjurations
    23 | D        | Reached skill level 10 in Hexes
    23 | D        | Reached skill level 10 in Fire Magic
    23 | D        | Reached skill level 10 in Air Magic
    23 | D        | Reached XP level 20. HP: 163/216 MP: 16/33
    23 | D        | Killed a meat berserker
    24 | D        | Reached XP level 21. HP: 214/224 MP: 16/35
    24 | D        | Noticed a large bag of meat
    24 | D        | Noticed a meat berserker
    24 | D        | Noticed a large bag of meat
    25 | D        | Reached skill level 15 in Stealth
    25 | D        | Killed a meat berserker
    26 | D        | Noticed a meat berserker
    27 | D        | Reached skill level 15 in Unarmed Combat
    28 | D        | Noticed a meat berserker
    29 | D        | Noticed an eight-headed meat hydra
    29 | D        | Reached ****** piety under Makhleb
    30 | D        | Reached skill level 15 in Ice Magic
    30 | D        | Reached skill level 15 in Earth Magic
    30 | D        | Reached skill level 15 in Invocations
    30 | D        | Reached XP level 22. HP: 219/233 MP: 18/37
    30 | D        | Killed a destroyer
    31 | D        | Reached skill level 15 in Necromancy
    31 | D        | Reached skill level 15 in Poison Magic
    31 | D        | Noticed a destroyer
    32 | D        | Reached XP level 23. HP: 221/240 MP: 18/39
    32 | D        | Killed a large bag of meat
    33 | D        | Reached skill level 15 in Bows
    33 | D        | Reached skill level 15 in Armour
    33 | D        | Reached skill level 15 in Dodging
    33 | D        | Reached skill level 15 in Translocations
    33 | D        | Reached skill level 15 in Transmutations
    33 | D        | Killed a large bag of meat
    34 | D        | Reached skill level 15 in Short Blades
    34 | D        | Reached skill level 15 in Long Blades
    34 | D        | Reached skill level 15 in Maces & Flails
    34 | D        | Reached skill level 15 in Polearms
    34 | D        | Reached skill level 15 in Staves
    34 | D        | Reached skill level 15 in Slings
    34 | D        | Reached skill level 15 in Crossbows
    34 | D        | Reached skill level 15 in Throwing
    34 | D        | Reached skill level 15 in Shields
    34 | D        | Reached skill level 15 in Summonings
    34 | D        | Reached skill level 15 in Evocations
    34 | D        | Reached XP level 24. HP: 205/249 MP: 18/40
    34 | D        | Noticed a destroyer
    37 | D        | Killed a destroyer
    38 | D        | Reached skill level 15 in Spellcasting
    38 | D        | Reached skill level 15 in Conjurations
    38 | D        | Reached skill level 15 in Hexes
    38 | D        | Reached skill level 15 in Fire Magic
    38 | D        | Reached skill level 15 in Air Magic
    38 | D        | Reached XP level 25. HP: 249/257 MP: 19/41
    40 | D        | Noticed a destroyer
    41 | D        | Noticed a destroyer
    42 | D        | Noticed a large bag of meat
    43 | D        | Reached XP level 26. HP: 266/266 MP: 20/42
    44 | D        | Killed a destroyer
    44 | D        | Noticed a destroyer
    46 | D        | Reached XP level 27. HP: 273/273 MP: 21/43
    46 | D        | Killed a destroyer
    46 | D        | Killed a destroyer
    46 | D        | Noticed a tyrant
    47 | D        | Noticed an accursed
    47 | D        | Killed a tyrant
    48 | D        | Noticed The Servant
    49 | D        | Killed a large bag of meat
    49 | D        | Noticed a large bag of meat
    50 | D        | Noticed a destroyer
    51 | D        | Killed a destroyer
    52 | D        | Noticed a destroyer
    53 | D        | Killed an accursed
    55 | D        | Killed The Servant
    55 | D        | Killed a destroyer
    56 | D        | Reached skill level 27 in Stealth
    56 | D        | Noticed an accursed
    56 | D        | Noticed a destroyer
    56 | D        | Noticed an accursed
    57 | D        | Killed a large bag of meat
    57 | D        | Noticed a large bag of meat
    58 | D        | Slain by a bag of meat

Illustrated notes

Levels and vault maps discovered:
D:        meatsprint

Skill      XL: |  1  2  3  4  5  6  7  8  9 10 11 12 13 14 15 16 17 18 19 20 21 22 23 24 25 26 27 |
---------------+----------------------------------------------------------------------------------+-----
Axes           | 23 27 | 27.0
Fighting       | 5 22 27 | 27.0
Short Blades   | 1 4 6 7 9 11 13 14 15 16 17 18 22 | 22.5
Long Blades    | 1 4 6 7 9 11 13 14 15 16 17 18 22 | 22.5
Maces & Flails | 1 3 6 7 9 11 13 14 15 16 17 18 22 | 22.6
Polearms       | 1 4 6 7 9 11 13 14 15 16 17 18 22 | 22.6
Staves         | 1 4 6 7 9 11 12 13 14 15 16 17 18 22 | 22.4
Slings         | 1 4 6 7 9 11 13 14 15 16 17 18 22 | 22.5
Bows           | 1 4 6 7 9 11 12 13 14 15 16 18 22 | 22.7
Crossbows      | 1 4 6 7 9 11 12 14 15 16 17 18 22 | 22.4
Throwing       | 2 4 6 7 9 11 13 14 15 16 17 18 22 | 22.5
Armour         | 2 4 6 7 9 11 13 14 15 16 18 22 | 22.7
Dodging        | 2 4 6 7 9 11 12 13 14 15 16 18 22 | 22.6
Shields        | 1 4 6 7 9 11 13 14 15 16 17 18 22 | 22.5
Unarmed Combat | 3 5 7 9 11 13 14 15 17 18 19 20 21 25 | 25.8
Spellcasting   | 2 4 6 7 8 10 11 12 13 14 15 16 17 21 | 21.0
Conjurations   | 1 3 5 6 8 10 12 13 14 15 16 17 21 | 21.0
Hexes          | 1 3 5 6 8 10 12 13 14 15 16 17 21 | 21.0
Summonings     | 1 4 6 7 9 11 13 14 15 16 17 18 22 | 22.4
Necromancy     | 2 4 6 7 10 12 14 15 16 17 19 20 24 | 24.0
Translocations | 3 5 6 7 9 11 12 13 14 15 16 18 19 22 | 22.7
Transmutations | 1 4 6 7 9 11 12 13 14 15 16 17 18 22 | 22.6
Fire Magic     | 1 3 5 6 8 10 11 12 13 14 15 16 17 21 | 21.1
Ice Magic      | 2 4 7 8 10 13 15 16 17 19 20 21 25 | 25.9
Air Magic      | 1 3 5 6 8 10 11 12 13 14 15 16 17 21 | 21.1
Invocations    | 2 4 7 8 11 13 15 16 17 19 20 21 25 | 25.8
Stealth        | 4 7 9 11 13 14 16 18 19 20 22 23 27 | 27.0
Earth Magic    | 4 6 8 10 12 13 15 16 17 19 20 21 25 | 25.8
Poison Magic   | 3 6 7 9 11 12 13 15 16 17 19 20 24 | 24.0
Evocations     | 3 5 6 8 10 11 12 14 15 16 17 18 22 | 22.4

Action                   |  1- 3 |  4- 6 |  7- 9 | 10-12 | 13-15 | 16-18 | 19-21 | 22-24 | 25-27 || total
-------------------------+-------+-------+-------+-------+-------+-------+-------+-------+-------++-------
Melee: Executioner's axe |     1 |       |       |     1 |     3 |     4 |     7 |     6 |    17 ||    39
  Use: Scroll            |       |       |       |       |       |       |       |       |     2 ||     2
Dodge: Dodged            |       |       |       |       |       |     1 |       |     2 |     1 ||     4

Table legend: (Time is in decaauts)
 A = Elapsed time spent in this place.
 B = Non-inter-level travel time spent in this place.
 C = Inter-level travel time spent in this place.
 D = Time resting spent in this place.
 E = Time spent auto-exploring this place.
 F = Levels seen in this place.
 G = Mean time per level.
                   A        B        C        D        E       F      G
               +--------+--------+--------+--------+--------+-----+--------+
         Total |     48 |     48 |      0 |      0 |      0 |   1 |   48.0 |
       Dungeon |     48 |     48 |      0 |      0 |      0 |   1 |   48.0 |
               +--------+--------+--------+--------+--------+-----+--------+

Top non-repeatable levels by time:
       D: 48 daAuts
